 Dungeon Crawl Stone Soup version 0.24.0-29-g8ce449bc06 (webtiles) character file.

Game seed: 14477910155922197248, levelgen mode: deterministic

798 Flugslaktarn the Chopper (level 7, -21/62 HPs)
             Began as a Minotaur Fighter on Nov 16, 2019.
             Was a Believer of Cheibriados.
             Demolished by a two-headed ogre
             ... wielding a +1 dire flail of holy wrath
              (22 damage)
             ... on level 5 of the Dungeon.
             The game lasted 00:02:31 (4245 turns).

Flugslaktarn the Chopper (Minotaur Fighter)         Turns: 4245, Time: 00:02:32

Health: -21/62     AC: 13    Str: 26    XL:     7   Next: 58%
Magic:  7/7        EV:  5    Int:  9    God:    Cheibriados [**....]
Gold:   70         SH: 10    Dex: 14    Spells: 6/6 levels left

rFire    . . .     SeeInvis .   a - +0 war axe
rCold    . . .     Gourm    .   c - +0 shield
rNeg     . . .     Faith    .   n - +0 plate armour
rPois    .         Spirit   .   (helmet restricted)
rElec    .         Reflect  .   (no cloak)
rCorr    .         Harm     .   p - +0 pair of gloves
MR       .....                  (no boots)
Stlth    ..........             (no amulet)
HPRegen  0.20/turn              (no ring)
MPRegen  0.10/turn              (no ring)

@: heavily drained, very slow
A: retaliatory headbutt, horns 2
a: Bend Time, Renounce Religion


You were on level 5 of the Dungeon.
You worshipped Cheibriados.
Cheibriados was pleased with you.
You were not hungry.

You visited 1 branch of the dungeon, and saw 5 of its levels.

You collected 358 gold pieces.
You spent 288 gold pieces at shops.

Inventory:

Hand Weapons
 a - a +0 war axe (weapon)
Armour
 c - a +0 shield (worn)
 n - a +0 plate armour (worn)
   (You found it on level 3 of the Dungeon)
 p - a +0 pair of gloves (worn)
   (You found it on level 5 of the Dungeon)
Jewellery
 v - an uncursed ring of protection from magic {unknown}
   (You bought it in a shop on level 5 of the Dungeon)
Scrolls
 h - 8 scrolls of identify {unknown}
 l - 5 scrolls of amnesia {unknown}
 m - 2 scrolls of noise {unknown}
 o - 2 scrolls of fear {unknown}
 t - 2 scrolls of teleportation {unknown}
 w - 4 scrolls of remove curse
Potions
 b - 2 potions of mutation {unknown}
 d - a potion of might
 f - 2 potions of haste {unknown}
 g - 4 potions of cancellation {unknown}
 i - a potion of curing {unknown}
 j - a potion of magic {unknown}
 k - 3 potions of heal wounds {unknown}
 q - a potion of flight {unknown}
 r - a potion of lignification {unknown}
 s - a potion of agility {unknown}
 x - a potion of invisibility {unknown}
Comestibles
 e - 14 rations
 u - 7 chunks of flesh


   Skills:
 + Level 5.6(4.2) Fighting
 * Level 6.5(5.0) Axes
 + Level 5.6(4.2) Armour
 + Level 5.6(4.2) Shields
 + Level 2.3(1.1) Invocations


You had 6 spell levels left.
You didn't know any spells.
Your spell library was empty.

Dungeon Overview and Level Annotations

Branches:
Dungeon (5/15)             Temple (0/1) D:4

Altars:
Cheibriados
Vehumet
Wu Jian

Shops:
D:4 :   D:5 *


Innate Abilities, Weirdness & Mutations

You reflexively headbutt those who attack you in melee.
You have a pair of horns on your head.


Message History

You slash the two-headed ogre!
The two-headed ogre is heavily wounded.
The two-headed ogre hits you with a +1 dire flail of holy wrath!
You block the two-headed ogre's attack.
You hit the two-headed ogre. You headbutt the two-headed ogre!
The two-headed ogre is severely wounded.
You block the two-headed ogre's attack.
The two-headed ogre hits you with a +0 giant club.
You hit the two-headed ogre. You headbutt the two-headed ogre!
The two-headed ogre is almost dead.
The two-headed ogre hits you with a +1 dire flail of holy wrath!!
* * * LOW HITPOINT WARNING * * *
The two-headed ogre barely misses you.
You are too injured to fight recklessly!
Unknown command.
You hit the two-headed ogre.
The two-headed ogre is almost dead.
The two-headed ogre barely misses you.
The two-headed ogre hits you with a +0 giant club!!
You die...

###... ...... #######
......# ....... .......
#..>.. ....... #....
....... #.... ......O###
#.... .......@.## #...[
......##..# #.. ...##
##.# ####.. . #.#
##..... #.# #.....# #.#
###.....# #.#
###..<..#.#
#######.####......##.#
...................>....


You could see a two-headed ogre.

Vanquished Creatures
  A hippogriff (D:4)
  Edmund (D:5)
  A scorpion (D:4)
  A crimson imp (D:5)
  2 hounds (D:4)
  An orc wizard (D:3)
  6 worker ants
  2 gnolls (D:3)
  5 adders
  A shadow imp (D:5)
  3 oozes
  2 worms
  4 dart slugs
  2 leopard geckos (D:3)
  16 orcs
  2 ball pythons
  9 bats
  A giant cockroach (D:4)
  6 goblins
  9 hobgoblins
  2 jackals (D:3)
  3 quokkas
  6 frilled lizards
  A jackal skeleton (D:4)
  7 kobolds
  7 rats
101 creatures vanquished.

Vanquished Creatures (others)
  2 gnolls (D:3)
2 creatures vanquished.

Grand Total: 103 creatures vanquished

Notes
Turn   | Place    | Note
-------+----------+-------------------------------------------
     0 | D:1      | Flugslaktarn the Minotaur Fighter began the quest for the
                  | Orb.
     0 | D:1      | Reached XP level 1. HP: 19/19 MP: 0/0
   311 | D:1      | Reached XP level 2. HP: 26/27 MP: 1/1
   440 | D:1      | Reached skill level 3 in Axes
   715 | D:1      | Reached XP level 3. HP: 33/33 MP: 2/2
  1302 | D:2      | Reached XP level 4. HP: 40/40 MP: 3/3
  1551 | D:2      | Found a snail-covered altar of Cheibriados.
  1721 | D:2      | Became a worshipper of Cheibriados the Contemplative
  1788 | D:3      | Found an ornate altar of the Wu Jian Council.
  1792 | D:3      | Reached skill level 4 in Axes
  1972 | D:3      | Reached XP level 5. HP: 19/47 MP: 4/4
  2196 | D:3      | Found a radiant altar of Vehumet.
  2283 | D:3      | Reached * piety under Cheibriados
  2904 | D:4      | Reached skill level 5 in Axes
  3062 | D:4      | Reached XP level 6. HP: 55/55 MP: 5/5
  3070 | D:4      | Found a staircase to the Ecumenical Temple.
  3093 | D:4      | Reached skill level 1 in Invocations
  3277 | D:4      | Reached skill level 5 in Fighting
  3277 | D:4      | Reached skill level 5 in Shields
  3431 | D:4      | Noticed a hippogriff
  3434 | D:4      | Killed a hippogriff
  3434 | D:4      | Reached skill level 5 in Armour
  3434 | D:4      | Reached XP level 7. HP: 55/61 MP: 5/7
  3632 | D:4      | Reached skill level 6 in Axes
  3661 | D:4      | Found Jetaq's Book Shoppe.
  3801 | D:5      | Entered Level 5 of the Dungeon
  3896 | D:5      | Found Nity's Assorted Antiques.
  3917 | D:5      | Noticed Edmund
  3930 | D:5      | Killed Edmund
  3930 | D:5      | Reached ** piety under Cheibriados
  4041 | D:5      | Bought a scroll labeled ZOUNWUVONY for 21 gold pieces
  4041 | D:5      | Bought a scroll labeled PALUS BETEUGOF for 21 gold pieces
  4041 | D:5      | Bought an agate ring for 105 gold pieces
  4041 | D:5      | Bought 3 scrolls labeled ZOSU IWIXO for 63 gold pieces
  4041 | D:5      | Bought a scroll labeled TASHRO KUKHLE for 21 gold pieces
  4041 | D:5      | Bought a scroll labeled TASHRO KUKHLE for 21 gold pieces
  4041 | D:5      | Bought a bubbling green potion for 18 gold pieces
  4041 | D:5      | Bought a ruby potion for 18 gold pieces
  4235 | D:5      | Noticed a two-headed ogre
  4244 | D:5      | HP: 1/62 [two-headed ogre/+1 dire flail of holy wrath (22)]
  4245 | D:5      | Demolished by a two-headed ogre

Levels and vault maps discovered:
D:1:      scummos_arrival_star, layout_basic
D:2:      layout_basic, lemuel_doored_altar, serial_corexii_hall,
          corexii_hall_statues_x, chequers_hall_statues_corner_a,
          guppyfry_early_orc_mine
D:3:      layout_loops_ring, overflow_temple_1_default, fiery_altar_vehumet,
          first_ration, serial_glass, glass_columns_b, glass_columns_b
D:4:      layout_basic, temple_pool_b, serial_shops, kennysheep_little_box,
          chequers_serial_rivers_small_a, solitary_fountain
D:5:      layout_rooms, grunt_temple_overflow_open, serial_shops,
          nicolae_shop_temple_entry_statues_fountains, uniq_edmund

Skill      XL: |  1  2  3  4  5  6  7 |
---------------+----------------------+-----
Axes           | 3 4 5 6 |  6.5
Fighting       | 4 5 |  5.6
Armour         | 4 5 |  5.6
Shields        | 4 5 |  5.6
Invocations    | 1 2 |  2.3

Action                   |  1- 3 |  4- 6 |  7- 9 || total
-------------------------+-------+-------+-------++-------
Melee: War axe           |    69 |   115 |    53 ||   237
       Headbutt          |     7 |    29 |     9 ||    45
       Unarmed           |       |       |    15 ||    15
  Use: Scroll            |       |     1 |       ||     1
  Eat: Chunk             |     1 |     5 |     2 ||     8
Armor: Scale mail        |    44 |     7 |       ||    51
       Chain mail        |       |    22 |       ||    22
       Plate armour      |       |    36 |    28 ||    64
Dodge: Dodged            |    37 |    24 |    13 ||    74
Block: Shield            |    25 |    64 |    26 ||   115
